 Dungeon Crawl Stone Soup version 0.30.0-13-g156ef70053 (webtiles) character file.

Game seed: 9214087080906194071

2053 Hubris850 the Digger (level 9, -9/50 HPs)
             Began as a Gargoyle Earth Elementalist on May 17, 2023.
             Was an Initiate of Vehumet.
             Mangled by an orc warrior
             ... wielding a +1 halberd of venom
              (11 damage)
             ... on level 6 of the Dungeon.
             The game lasted 00:16:25 (5823 turns).

Hubris850 the Digger (Gargoyle Earth Elementalist)  Turns: 5823, Time: 00:16:25

Health: -9/50      AC: 13    Str: 14    XL:     9   Next: 25%
Magic:  16/16      EV: 12    Int: 18    God:    Vehumet [......]
Gold:   323        SH:  5    Dex: 10    Spells: 10/18 levels left

rFire   . . .        m - +1 dagger (venom)
rCold   . . .        (no shield)
rNeg    + . .        t - +0 leather armour
rPois   ∞            (helmet restricted)
rElec   +            n - +0 cloak
rCorr   .            y - +0 pair of gloves
SInv    .            q - +0 pair of boots
Will    .....        p - amulet of reflection
Stlth   ++           c - ring of wizardry
HPRegen 0.28/turn    (no ring)
MPRegen 0.15/turn

%: random rage (3%), reflection, wizardry (x1)
@: on berserk cooldown, slowed, very slow
A: sickness immunity, AC +6, negative energy resistance 1, electricity
resistance, torment resistance 1, petrification resistance, horns 1, berserk 1,
deterioration 1
a: Renounce Religion


You were on level 6 of the Dungeon.
You worshipped Vehumet.
Vehumet was noncommittal.
You visited 2 branches of the dungeon, and saw 7 of its levels.

You collected 323 gold pieces.

Inventory:

Hand Weapons
 d - a +0 club
 e - a +0 dagger
 m - a +1 dagger of venom (weapon)
 C - a +0 war axe of electrocution
Missiles
 u - 2 boomerangs
Armour
 a - a +0 robe
 n - a +0 cloak (worn)
 q - a +0 pair of boots (worn)
 t - a +0 leather armour (worn)
 y - a +0 pair of gloves (worn)
Jewellery
 c - a ring of wizardry (left hand)
 p - an amulet of reflection (around neck)
Wands
 D - a wand of flame (17)
Scrolls
 f - a scroll of poison {unknown}
 g - 2 scrolls of magic mapping
 h - a scroll of silence {unknown}
 k - a scroll of amnesia
 o - a scroll of butterflies {unknown}
 r - a scroll of vulnerability
 s - a scroll of teleportation {unknown}
 E - a scroll of immolation {unknown}
Potions
 b - a potion of magic
 i - a potion of resistance
 v - a potion of ambrosia
 w - 2 potions of mutation
 x - a potion of brilliance {unknown}
 z - 3 potions of flight {unknown}
 A - 2 potions of invisibility {unknown}
 B - 3 potions of degeneration {unknown}
 F - a potion of heal wounds {unknown}


   Skills:
 - Level 3.0 Fighting
 - Level 4.0 Armour
 - Level 3.6 Dodging
 - Level 3.0 Stealth
 + Level 5.3 Spellcasting
 + Level 4.4 Conjurations
 + Level 3.6 Summonings
 - Level 2.0 Transmutations
 + Level 7.0 Earth Magic


You had 10 spell levels left.
You knew the following spells:

 Your Spells              Type           Power      Damage    Failure   Level
a - Sandblast             Erth           60%        2d14      1%          1
b - Passwall              Tmut/Erth      17%        N/A       1%          2
c - Stone Arrow           Conj/Erth      50%        3d10      1%          3
d - Call Imp              Summ           36%        N/A       2%          2

Your spell library contained the following spells:

 Spells                   Type           Power      Damage    Failure   Level
 Magic Dart               Conj           80%        1d7       1%          1
 Ensorcelled Hibernation  Hex/Ice        8%         N/A       10%         2
 Petrify                  Tmut/Erth      21%        N/A       10%         4
 Mephitic Cloud           Conj/Pois/Air  10%        N/A       11%         3
 Swiftness                Air            4%         N/A       19%         3
 Tukima's Dance           Hex            4%         N/A       19%         3
 Passage of Golubria      Tloc           4%         N/A       52%         4
 Yara's Violent Unravell  Hex/Tmut       4%         3d4       71%         5


Dungeon Overview and Level Annotations

Branches:
Dungeon (6/15)             Temple (1/1) D:4

Altars:
Ashenzari
Cheibriados
Dithmenos
Elyvilon
Fedhas
Gozag
Hepliaklqana
Kikubaaqudgha
Makhleb
Nemelex Xobeh
Okawaru
Ru
Sif Muna
Trog
Uskayaw
Vehumet
Wu Jian
Xom
Yredelemnul
The Shining One

Annotations:
Temple 2 transporters


Innate Abilities, Weirdness & Mutations

You are immune to sickness and miasma.
Your stone body is resilient. (AC +6)
You are immune to poison.
You resist negative energy. (rN+)
You are resistant to electric shocks. (rElec)
You are resistant to unholy torment.
You are immune to petrification.
You have a pair of small horns on your head.
You sometimes lose your temper in combat.
Your body sometimes deteriorates upon taking damage.


Message History

Something hits you but does no damage.
You barely miss Edmund.
Edmund is heavily wounded.
You hit Edmund but do no damage.
Edmund looks as sick as possible!
Edmund is heavily wounded.
Edmund barely misses you. The orc warrior barely misses you.
You block something's attack.
You hit Edmund.
Edmund looks as sick as possible!
Edmund is heavily wounded.
The orc warrior barely misses you. Edmund misses you.
Something hits you but does no damage.
You hit Edmund but do no damage.
Edmund is severely wounded.
You hit Edmund.
Edmund is severely wounded.
Edmund barely misses you.
The orc warrior hits you from afar with a +1 halberd of venom!
* * * LOW HITPOINT WARNING * * *
Something hits you but does no damage.
You puncture Edmund!
You kill Edmund!
Vehumet accepts your kill. x2
Reactivating autopickup.
You feel a bit more experienced. The orc warrior misses you.
Your Earth Magic skill increases to level 7!
You hit the orc warrior.
The orc warrior is poisoned.
The orc warrior is lightly wounded.
You are no longer berserk.
You are exhausted.
You feel yourself slow down.
The orc warrior hits you but does no damage.
Unknown command.
You feel better. The orc warrior closely misses you.
The orc warrior hits you with a +1 halberd of venom!
* * * LOW HITPOINT WARNING * * *
It was a potion of mutation.
You feel extremely strange.
You feel a little pissed off. A pair of horns grows on your head!
You feel yourself wasting away.
The orc warrior hits you with a +1 halberd of venom!
You die...

#..##......
#....).... #........
#.......
#......###### ..#
#......##...# #..##
#..)........# .....#
#..)........# .....+
#..@)..##...##....#
#.o##..####'##....##
#.. #...............
....
#...............
(#...
#..........>....
.......
#.........).....
.#.#.##
#...............
.....
...###+###..##)#
...##...##..##+#


You could see an orc warrior (very poisoned).

Vanquished Creatures
  Pikel (D:4)
  Grinder (D:3)
  Sigmund (D:2)
  Menkaure (D:4)
  Edmund (D:6)
  A water moccasin (D:5)
  2 centaurs (D:5)
  3 lemures (D:4)
  A phantom (D:5)
  A scorpion (D:4)
  2 electric eels (D:4)
  4 hounds
  An orc priest (D:6)
  A jelly (D:5)
  A sleepcap (D:4)
  2 iguanas (D:5)
  2 orc wizards
  A scorpion zombie (D:3)
  A hound zombie (D:3)
  6 adders
  4 gnolls (D:4)
  An ufetubus (D:6)
  A worm (D:2)
  2 dart slugs
  7 orcs
  5 endoplasms
  7 giant cockroaches
  8 goblins
  9 hobgoblins
  4 jackals (D:3)
  4 quokkas
  8 ball pythons
  4 bats
  5 frilled lizards
  4 kobolds
  3 rats
110 creatures vanquished.

Vanquished Creatures (collateral kills)
  An orc (D:4)
1 creature vanquished.

Grand Total: 111 creatures vanquished

Notes
Turn   | Place    | Note
-------+----------+-------------------------------------------
     0 | D:1      | Hubris850 the Gargoyle Earth Elementalist began the quest
                  | for the Orb.
     0 | D:1      | Reached XP level 1. HP: 10/10 MP: 3/3
   293 | D:1      | Reached XP level 2. HP: 16/16 MP: 3/5
   506 | D:1      | Reached skill level 1 in Fighting
   559 | D:1      | Reached skill level 1 in Armour
   930 | D:1      | Reached XP level 3. HP: 20/20 MP: 4/6
   981 | D:2      | Found a burning altar of Makhleb.
  1293 | D:2      | Reached XP level 4. HP: 26/26 MP: 4/7
  1389 | D:2      | Noticed Sigmund
  1400 | D:2      | Killed Sigmund
  1401 | D:2      | Reached XP level 5. HP: 22/32 MP: 3/8
  1401 | D:2      | Reached XP level 6. HP: 26/37 MP: 3/9
  2252 | D:3      | Found a basalt altar of Yredelemnul.
  2443 | D:3      | Noticed Grinder
  2445 | D:3      | Paralysed by Grinder for 2 turns
  2466 | D:3      | Paralysed by Grinder for 2 turns
  2470 | D:3      | Killed Grinder
  2471 | D:3      | Reached skill level 1 in Transmutations
  2471 | D:3      | Reached skill level 4 in Earth Magic
  2471 | D:3      | Reached XP level 7. HP: 26/41 MP: 6/11
  2809 | D:3      | Learned a level 2 spell: Passwall
  2813 | D:3      | Learned a level 3 spell: Stone Arrow
  2816 | D:3      | Learned a level 2 spell: Call Imp
  2820 | D:3      | Learned a level 3 spell: Mephitic Cloud
  3018 | D:4      | Found a staircase to the Ecumenical Temple.
  3038 | Temple   | Entered the Ecumenical Temple
  3038 | Temple   | Found a transporter.
  3038 | Temple   | Found a transporter.
  3040 | Temple   | Found a transporter.
  3040 | Temple   | Found a transporter.
  3053 | Temple   | Became a worshipper of Vehumet
  3142 | D:4      | Found a transporter.
  3166 | D:4      | Noticed Menkaure
  3364 | D:4      | Found a transporter.
  3490 | D:4      | Killed Menkaure
  3698 | D:4      | Reached skill level 1 in Conjurations
  3698 | D:4      | Reached skill level 5 in Earth Magic
  3748 | D:4      | Reached skill level 1 in Summonings
  3748 | D:4      | Reached XP level 8. HP: 23/46 MP: 5/13
  3960 | D:4      | Noticed Pikel
  4165 | D:4      | Killed Pikel
  4252 | D:4      | Reached skill level 6 in Earth Magic
  4478 | D:5      | Entered Level 5 of the Dungeon
  4803 | D:5      | Reached skill level 5 in Spellcasting
  4803 | D:5      | Reached XP level 9. HP: 38/50 MP: 12/16
  5788 | D:6      | Noticed Edmund
  5818 | D:6      | HP: 2/75 [orc warrior/+1 halberd of venom (9)]
  5819 | D:6      | Killed Edmund
  5820 | D:6      | Reached skill level 7 in Earth Magic
  5823 | D:6      | Gained mutation: You sometimes lose your temper in combat.
                  | [potion of mutation]
  5823 | D:6      | Gained mutation: You have a pair of small horns on your
                  | head. [potion of mutation]
  5823 | D:6      | Gained mutation: Your body sometimes deteriorates upon
                  | taking damage. [potion of mutation]
  5823 | D:6      | Mangled by an orc warrior

Illustrated notes

Levels and vault maps discovered:
D:1:      heliophobic_arrival_dark_side_of_the_moon, layout_basic
D:2:      layout_basic, basic_altar, uniq_sigmund
D:3:      layout_basic, lemuel_zombie_altar_yredelemnul, uniq_grinder
D:4:      gammafunk_steamed_eel, layout_rooms,
          minmay_temple_entry_gardened_gates, hangedman_abyss_or_decor_stabs,
          uniq_menkaure, uniq_pikel
D:5:      layout_basic, hex_tiny, chequers_serial_rivers_micro_a,
          corexii_hall_statues_t, kennysheep_another_room
D:6:      layout_gridville, serial_glass, glass_columns_a, glass_columns_a,
          uniq_edmund
Temple:   hellmonk_temple_divided_pantheon

Skill      XL: |  1  2  3  4  5  6  7  8  9 |
---------------+----------------------------+-----
Fighting       | 1 3 |  3.0
Armour         | 1 3 4 |  4.0
Dodging        | 2 3 |  3.6
Stealth        | 3 |  3.0
Transmutations | 1 2 |  2.0
Earth Magic    | 4 5 6 7 |  7.0
Spellcasting   | 3 5 |  5.3
Conjurations   | 1 3 4 |  4.4
Summonings     | 1 3 |  3.6

Action                     |  1- 3 |  4- 6 |  7- 9 || total
---------------------------+-------+-------+-------++-------
  Melee: Dagger            |     3 |    39 |   152 ||   194
  Throw: Boomerang         |       |     3 |       ||     3
   Cast: Sandblast         |    44 |    43 |    54 ||   141
         Call Imp          |       |       |     2 ||     2
         Stone Arrow       |       |       |     3 ||     3
  Evoke: Wand              |       |       |     1 ||     1
    Use: Potion            |       |     1 |     3 ||     4
         Scroll            |       |       |     6 ||     6
   Stab: Sleeping          |     1 |     1 |     1 ||     3
 Armour: Robe              |     3 |    16 |    13 ||    32
         Leather armour    |       |       |    64 ||    64
  Dodge: Dodged            |     4 |    16 |   101 ||   121
  Block: Other             |       |     7 |    54 ||    61
         Reflection        |       |     1 |     5 ||     6
